 Dungeon Crawl Stone Soup version 0.31-a0-233-g139696dc86 (webtiles) character file.

Game seed: 2076306703627828525

150432 Shard1697 the Basher (level 16, 0/148 HPs)
             Began as an Armataur Fighter on July 7, 2023.
             Was the Champion of Makhleb.
             Shot with an arrow by a naga sharpshooter (15 damage)
             ... on level 1 of the Snake Pit.
             The game lasted 00:44:17 (24805 turns).

Shard1697 the Basher (Armataur Fighter)            Turns: 24805, Time: 00:44:18

Health: 0/148      AC: 25    Str: 25    XL:     16   Next: 98%
Magic:  25/25      EV: 13    Int:  9    God:    Makhleb [******]
Gold:   73         SH:  6    Dex: 14    Spells: 13/15 levels left

rFire   . . .        a - +2 morningstar (heavy)
rCold   + . .        c - +0 buckler
rNeg    . . .        f - +2 plate armour {rC+}
rPois   .            A - +0 helmet
rElec   .            p - +2 cloak {rCorr}
rCorr   +            K - +1 pair of gloves
SInv    .            (no barding)
Will    +....        J - amulet of faith Stlth
                     s - +5 ring of evasion
HPRegen 0.44/turn    h - +4 ring of protection
MPRegen 0.19/turn

%: roll, faith
@: lethally poisoned (0 -> -2)
A: large, rugged brown scales 3, deformed body, armoured tail, roll, long
tongue, awkward tongue
a: Renounce Religion, Minor Destruction, Lesser Servant of Makhleb, Major
Destruction, Greater Servant of Makhleb


You were on level 1 of the Snake Pit.
You worshipped Makhleb.
Makhleb was exalted by your worship.
You visited 4 branches of the dungeon, and saw 19 of its levels.

You collected 2981 gold pieces.
You spent 2908 gold pieces at shops.

Inventory:

Hand Weapons
 a - a +2 heavy morningstar (weapon)
 b - a +0 broad axe
 U - a +1 antimagic demon trident
 V - the +9 mace of the Durable God {holy, rPois Str+3}
   (You found it on level 4 of the Dungeon)

   Str:       It affects your strength (+3).
   rPois:     It protects you from poison.
Missiles
 E - 2 throwing nets
 N - 2 curare-tipped darts
Armour
 c - a +0 buckler (worn)
 f - a +2 plate armour of cold resistance (worn)
 p - a +2 cloak of preservation (worn)
 x - a +1 chain mail of fire resistance
 A - a +0 helmet (worn)
 K - a +1 pair of gloves (worn)
Jewellery
 h - a +4 ring of protection (right hand)
 n - a ring of flight
 o - a ring of protection from cold
 s - a +5 ring of evasion (left hand)
 J - an amulet of faith (around neck)
 Q - a ring of willpower
Wands
 u - a wand of paralysis (17)
 G - a wand of mindburst (20)
 L - a wand of iceblast (23)
 O - a wand of digging (5)
Scrolls
 g - 4 scrolls of summoning
 j - 3 scrolls of fear
 l - 5 scrolls of teleportation
 r - a scroll of torment
 t - 7 scrolls of revelation
 y - 6 scrolls of fog
 z - a scroll of poison
 B - 3 scrolls of blinking
 C - 4 scrolls of immolation
 I - 2 scrolls of amnesia
 M - a scroll of enchant weapon
 R - 5 scrolls of enchant armour
 S - 3 scrolls of identify
 T - a scroll of silence
Potions
 d - 2 potions of might
 k - 5 potions of enlightenment
 m - 2 potions of cancellation
 q - a potion of resistance
 v - 4 potions of lignification
 w - 7 potions of mutation
 D - 2 potions of ambrosia
 F - 5 potions of invisibility
 P - 2 potions of brilliance
Miscellaneous
 i - a tin of tremorstones (2/2)
 H - a sack of spiders


   Skills:
 * Level 11.9 Fighting
 * Level 14.6 Maces & Flails
 - Level 10.0 Armour
 * Level 7.5 Dodging
 - Level 10.0 Shields
 + Level 12.4 Invocations
 + Level 7.2 Evocations


You had 13 spell levels left.
You knew the following spells:

 Your Spells              Type           Power      Damage    Failure   Level
a - Wereblood             Tmut           0%         N/A       100%        2

Your spell library contained the following spells:

 Spells                   Type           Power      Damage    Failure   Level
 Kiss of Death            Conj/Necr      0%         2d5       99%         1
 Magic Dart               Conj           0%         1d3       99%         1
 Slow                     Hex            0%         N/A       99%         1
 Cigotuvi's Dreadful Rot  Necr/Pois/Air  0%         N/A       100%        2
 Ensorcelled Hibernation  Hex/Ice        0%         N/A       100%        2
 Passwall                 Tmut/Erth      0%         N/A       100%        2
 Static Discharge         Conj/Air       0%         2-2/arc   100%        2
 Sublimation of Blood     Necr           0%         N/A       100%        2
 Call Canine Familiar     Summ           0%         N/A       100%        3
 Confusing Touch          Hex            0%         N/A       100%        3
 Dazzling Flash           Conj/Hex       0%         N/A       100%        3
 Ignite Poison            Fire/Tmut/Pois 0%         N/A       100%        3
 Portal Projectile        Hex/Tloc       0%         N/A       100%        3
 Stone Arrow              Conj/Erth      0%         3d7       100%        3
 Swiftness                Air            0%         N/A       100%        3
 Vampiric Draining        Necr           0%         2d6       100%        3
 Volatile Blastmotes      Fire/Tloc      0%         2d10      100%        3
 Animate Armour           Summ/Erth      0%         N/A       100%        4
 Dispel Undead            Necr           0%         3d6       100%        4
 Iskenderun's Mystic Bla  Conj/Tloc      0%         2d3       100%        4
 Leda's Liquefaction      Hex/Erth       0%         N/A       100%        4
 Olgreb's Toxic Radiance  Pois           0%         N/A       100%        4
 Petrify                  Tmut/Erth      0%         N/A       100%        4
 Freezing Cloud           Conj/Ice/Air   0%         6-21      100%        5
 Irradiate                Conj/Tmut      0%         3d11      100%        5
 Summon Forest            Summ/Tloc      0%         N/A       100%        5
 Eringya's Noxious Bog    Tmut/Pois      0%         4d6       100%        6
 Starburst                Conj/Fire      0%         6d3       100%        6
 Summon Hydra             Summ           0%         N/A       100%        7
 Discord                  Hex            0%         N/A       100%        8
 Ignition                 Fire           0%         3d3       100%        8
 Lehudib's Crystal Spear  Conj/Erth      0%         10d2      100%        8


Dungeon Overview and Level Annotations

Branches:
Dungeon (11/15)            Temple (0/1) D:5            Lair (5/5) D:10
 Shoals (0/4) Lair:3        Snake (1/4) Lair:3        Slime (0/5) Lair:5
    Orc (2/2) D:11            Elf (0/3) Orc:2

Altars:
Ashenzari
Dithmenos
Elyvilon
Fedhas
Gozag
Hepliaklqana
Kikubaaqudgha
Makhleb
Nemelex Xobeh
Okawaru
Trog
Uskayaw
Vehumet
Xom
Yredelemnul
Zin
Jiyva

Shops:
D:8 !   Orc:2 ([:*!

Annotations:
Lair:5 1 runed translucent door


Innate Abilities, Weirdness & Mutations

You are completely covered in rugged brown scales. (AC +3, +7% HP)
Armour fits poorly on your strangely shaped body.
You have a long armoured tail.
You roll when moving toward enemies. (Rampage)
Your long tongue fully drains potion bottles. (2x potion effects)
Your tongue gives you trouble enunciating. (1.5x scroll delay)


Message History

The naga sharpshooter spits poison at you.
The splash of poison misses you.
The naga sharpshooter spits poison at you.
You block the splash of poison.
The naga sharpshooter shoots a bolt.
The bolt hits your ynoxinul!!
The naga sharpshooter gestures wildly while chanting.
The naga sharpshooter magically shoots an arrow.
The arrow hits you!
* * * LOW HITPOINT WARNING * * *
Your ynoxinul gestures.
Okay, then.
Okay, then.
Press: ? - help, v - describe, . - travel
Here: a naga sharpshooter, wielding a +0 arbalest and wearing a +0 robe (catching its breath, ally target)
The floor.
You feel better.
You slurp down every last drop of the potion of curing!
The naga sharpshooter spits poison at you.
The splash of poison hits your ufetubus!
Your ufetubus is poisoned.
Your ufetubus dies!
Your ufetubus disappears in a puff of smoke!
The naga sharpshooter spits poison at you.
The splash of poison hits you but does no damage.
You are poisoned.
The naga sharpshooter spits poison at you.
The splash of poison misses your ufetubus.
The splash of poison misses you.
The naga sharpshooter shoots a bolt.
The bolt hits your ynoxinul!!
Your ynoxinul dies!
Your ynoxinul disappears in a puff of smoke!
Your ufetubus disappears in a puff of smoke!
A demon appears!
You feel sick.
The naga sharpshooter shoots a bolt.
The bolt hits you!!
* * * LOW HITPOINT WARNING * * *
The naga sharpshooter shoots an arrow.
The arrow hits your hellwing.
The naga sharpshooter shoots a bolt.
The bolt hits you.
* * * LOW HITPOINT WARNING * * *
The naga sharpshooter shoots an arrow.
The arrow hits you!
You die...

#.................#
##.................#
#..........#.......#
##..........##......#
.##..........###......#
..............##......#
......3.......##......#
..............##......#
...N.4!@......##...^..#
...N..........##..##..#
.....N........##..###.#
.#............##..# #.#
#....N......###..# #.#
.............# #..###.#
#.#..........###..##..#
#.#..?.......##..###..#
..... #..# #..#


You could see 4 naga sharpshooters, a friendly hellwing (summoned) and a
friendly neqoxec (summoned).

Vanquished Creatures
  Harold (D:10)
  The ghost of Monkooky the Carver, a journeyman MfGl of Yredelemnul (Lair:1)
  A hydra (Lair:3)
  2 boulder beetles
  8 death yaks
  3 two-headed ogres
  2 orc high priests (Orc:2)
  A fire crab (shapeshifter) (D:9)
  2 skysharks
  4 orc knights
  A lindwurm (Lair:5)
  Pikel (D:5)
  4 orc sorcerers
  A manticore (D:11)
  2 harpies (Lair:3)
  A wolf spider (Lair:5)
  A cyclops (D:10)
  2 ugly things (D:11)
  14 elephants
  A moth of wrath (Lair:1)
  The ghost of puppykicker the Skirmisher, a novice DEHs of Sif Muna (D:7)
  10 black mambas (Lair:5)
  A gargoyle (D:11)
  A torpor snail (Lair:5)
  17 cane toads
  Psyche (D:9)
  An unseen horror (D:11)
  Maggie (D:7)
  A kobold demonologist (D:11)
  3 rime drakes
  7 komodo dragons
  5 trolls
  Grinder (D:5)
  5 polar bears
  21 blink frogs
  12 dream sheep
  A slime creature (D:11)
  6 spriggans (Lair:1)
  Sigmund (D:6)
  64 yaks
  2 shadows
  4 hornets
  A vampire (D:11)
  14 wyverns
  7 wraiths
  A steam dragon (D:8)
  2 redbacks (Lair:5)
  2 basilisks
  3 acid dragons
  4 nagas
  3 wargs
  Duvessa (D:7)
  26 water moccasins
  36 orc warriors
  An ice beast (D:6)
  2 sky beasts
  5 ogres
  5 centaurs
  4 wolves
  A phantom (D:7)
  A lemure (D:5)
  9 bullfrogs
  A gnoll sergeant (D:5)
  7 scorpions
  Dowan (D:7)
  14 wights
  5 killer bees
  4 jellies
  3 howler monkeys (D:8)
  5 electric eels (D:10)
  5 gnoll boudas
  8 hounds
  20 orc priests
  2 sleepcaps
  Crazy Yiuf (D:3)
  2 iguanas
  Ijyb (D:4)
  18 orc wizards
  Natasha (thrice) (D:4)
  5 adders
  24 gnolls
  7 river rats (D:6)
  An ufetubus (D:6)
  2 worms
  5 dart slugs
  87 orcs
  5 ball pythons
  12 endoplasms
  4 giant cockroaches
  11 hobgoblins
  3 jackals (D:4)
  10 kobolds
  11 quokkas
  3 bats (D:3)
  2 frilled lizards (D:1)
  4 goblins
  19 rats
662 creatures vanquished.

Vanquished Creatures (collateral kills)
  An orc warlord (Orc:1)
  Josephine (Orc:1)
  A boulder beetle (D:11)
  An orc high priest (Orc:2)
  A harpy (Lair:3)
  An orc knight (Orc:2)
  2 cyclopes (D:11)
  A black mamba (Lair:5)
  3 elephants
  A guardian serpent (Lair:5)
  A cane toad (Lair:5)
  A blink frog (Lair:4)
  2 dream sheep (Lair:4)
  4 yaks
  A steam dragon (D:8)
  An acid dragon (D:11)
  An orc warrior (Orc:2)
  An ice beast (D:8)
  A centaur (D:11)
  A wolf (Lair:2)
  A killer bee (D:8)
  An electric eel (Lair:2)
  2 orc priests
  8 orcs
39 creatures vanquished.

Vanquished Creatures (others)
  An acid dragon (D:9)
  An orc wizard (D:8)
  3 orcs
5 creatures vanquished.

Grand Total: 706 creatures vanquished

Notes
Turn   | Place    | Note
-------+----------+-------------------------------------------
     0 | D:1      | Shard1697 the Armataur Fighter began the quest for the Orb.
     0 | D:1      | Reached XP level 1. HP: 19/19 MP: 1/1
    32 | D:1      | Reached skill level 2 in Maces & Flails
    65 | D:1      | Reached XP level 2. HP: 26/26 MP: 2/2
   315 | D:1      | Reached skill level 3 in Maces & Flails
   448 | D:1      | Reached XP level 3. HP: 30/32 MP: 3/3
   689 | D:1      | Found a faded altar of an unknown god.
   924 | D:1      | Prayed at the altar of an unknown god.
   924 | D:1      | Became a worshipper of Makhleb the Destroyer
   924 | D:1      | Reached * piety under Makhleb
  1741 | D:3      | Reached XP level 4. HP: 39/39 MP: 4/4
  1843 | D:3      | Got the Tractate on the Missiles
  1846 | D:3      | Reached skill level 4 in Maces & Flails
  2028 | D:3      | Reached ** piety under Makhleb
  2126 | D:3      | Found a blossoming altar of Fedhas.
  2211 | D:3      | Reached skill level 1 in Invocations
  2660 | D:3      | Found a runed translucent door.
  2661 | D:3      | Noticed Crazy Yiuf
  2670 | D:3      | Killed Crazy Yiuf
  2671 | D:3      | Reached XP level 5. HP: 20/44 MP: 6/6
  2893 | D:4      | Noticed Ijyb
  2895 | D:4      | Paralysed by Ijyb for 2 turns
  2910 | D:4      | Paralysed by Ijyb for 5 turns
  2930 | D:4      | Paralysed by Ijyb for 4 turns
  2934 | D:4      | Killed Ijyb
  3003 | D:4      | Found a shimmering altar of Xom.
  3114 | D:4      | Noticed Natasha
  3117 | D:4      | Killed Natasha
  3118 | D:4      | Reached skill level 5 in Maces & Flails
  3126 | D:4      | Noticed Natasha
  3133 | D:4      | Killed Natasha
  3234 | D:4      | Noticed a sky beast
  3249 | D:4      | Killed a sky beast
  3250 | D:4      | Reached XP level 6. HP: 41/54 MP: 7/7
  3297 | D:4      | Found a shadowy altar of Dithmenos.
  3314 | D:4      | Identified the +9 mace of the Durable God {holy, rPois
                  | Str+3}
  3314 | D:4      | Noticed Natasha
  3321 | D:4      | Killed Natasha
  3375 | D:4      | Found a glowing silver altar of Zin.
  3541 | D:5      | Entered Level 5 of the Dungeon
  3578 | D:5      | Reached *** piety under Makhleb
  3582 | D:5      | Noticed Pikel
  3594 | D:5      | Killed Pikel
  3595 | D:5      | Reached skill level 6 in Maces & Flails
  3595 | D:5      | Reached XP level 7. HP: 40/64 MP: 9/9
  3950 | D:5      | Reached XP level 8. HP: 71/71 MP: 10/10
  3961 | D:5      | Reached skill level 5 in Fighting
  4039 | D:5      | Noticed Grinder
  4051 | D:5      | Killed Grinder
  4052 | D:5      | Reached skill level 7 in Maces & Flails
  4273 | D:5      | Found a staircase to the Ecumenical Temple.
  4733 | D:6      | Noticed Sigmund
  4738 | D:6      | Killed Sigmund
  4835 | D:6      | Reached skill level 5 in Invocations
  4842 | D:6      | Reached XP level 9. HP: 75/83 MP: 12/12
  4926 | D:6      | Reached **** piety under Makhleb
  5049 | D:6      | Found an ancient bone altar of Kikubaaqudgha.
  5083 | D:6      | Found a hazy altar of Hepliaklqana.
  5087 | D:6      | Found a broken altar of Ashenzari.
  5180 | D:6      | Reached skill level 8 in Maces & Flails
  5241 | D:6      | Found a radiant altar of Vehumet.
  5419 | D:6      | Found an iron altar of Okawaru.
  5419 | D:6      | Found a white marble altar of Elyvilon.
  5808 | D:7      | Noticed a +0 hand axe
  5808 | D:7      | Noticed a +0 hand axe
  5810 | D:7      | Found a hide-covered altar of Uskayaw.
  5810 | D:7      | Noticed Maggie
  5820 | D:7      | Killed Maggie
  5957 | D:7      | Found a sparkling altar of Nemelex Xobeh.
  5985 | D:7      | Found a runed translucent door.
  6051 | D:7      | Noticed puppykicker's ghost (novice DEHs)
  6062 | D:7      | Killed puppykicker's ghost
  6063 | D:7      | Reached skill level 9 in Maces & Flails
  6130 | D:7      | Got the Catalogue of Hubris
  6151 | D:7      | Noticed Dowan
  6154 | D:7      | Noticed Duvessa
  6170 | D:7      | Killed Dowan
  6172 | D:7      | Killed Duvessa
  6356 | D:7      | Reached XP level 10. HP: 94/94 MP: 14/14
  6715 | D:7      | Identified the +6 quarterstaff of Ryfarch {spect, Will+}
  7018 | D:8      | Reached ***** piety under Makhleb
  7142 | D:8      | Reached skill level 10 in Maces & Flails
  7437 | D:8      | Learned a level 2 spell: Wereblood
  7651 | D:8      | Found Bayvel's Distillery.
  8240 | D:9      | Noticed a harpy
  8242 | D:9      | a harpy changed into a fire crab
  8242 | D:9      | Noticed a fire crab (shapeshifter)
  8251 | D:9      | Killed a fire crab
  8413 | D:9      | Found an opulent altar of Gozag.
  8690 | D:10     | Entered Level 10 of the Dungeon
  8690 | D:10     | Noticed Psyche
  8690 | D:10     | Noticed a two-headed ogre
  8690 | D:10     | Found a basalt altar of Yredelemnul.
  8697 | D:9      | Killed a two-headed ogre
  8698 | D:9      | Reached XP level 11. HP: 78/105 MP: 16/16
  8727 | D:9      | Killed Psyche
  8778 | D:10     | Reached skill level 10 in Fighting
  8911 | D:10     | Noticed Harold
  8925 | D:10     | Killed Harold
  8926 | D:10     | Reached skill level 11 in Maces & Flails
  9080 | D:10     | Found a staircase to the Lair.
  9630 | D:11     | Noticed a cyan ugly thing
  9647 | D:11     | Noticed a boulder beetle
  9923 | D:10     | Killed a boulder beetle
 10174 | D:11     | Noticed a boulder beetle
 10260 | D:11     | Killed a boulder beetle
 10277 | D:11     | Killed a cyan ugly thing
 10282 | D:11     | Reached skill level 12 in Maces & Flails
 10294 | D:11     | Noticed a two-headed ogre
 10307 | D:11     | Killed a two-headed ogre
 10457 | D:11     | Reached XP level 12. HP: 93/117 MP: 18/18
 10726 | D:11     | Reached skill level 5 in Armour
 11072 | D:11     | Found a staircase to the Orcish Mines.
 11500 | D:11     | Paralysed by an orc for 4 turns
 11533 | D:11     | Noticed a two-headed ogre
 11540 | D:11     | Killed a two-headed ogre
 11822 | D:11     | Identified the +6 scimitar of Laceration {pain, rElec}
 11940 | Orc:1    | Entered Level 1 of the Orcish Mines
 12306 | Orc:2    | Entered Level 2 of the Orcish Mines
 12340 | Orc:2    | Noticed Josephine
 12365 | Orc:1    | Killed Josephine
 12456 | Orc:2    | Reached ****** piety under Makhleb
 12472 | Orc:2    | Found a staircase to the Elven Halls.
 12779 | Orc:2    | Found Irphaesu's Antique Armour Boutique.
 12797 | Orc:2    | Reached skill level 13 in Maces & Flails
 12800 | Orc:2    | Noticed an orc high priest
 13032 | Orc:2    | Paralysed by an orc sorcerer for 2 turns
 13042 | Orc:1    | Paralysed by an orc sorcerer for 3 turns
 13271 | Orc:2    | Paralysed by an orc sorcerer for 5 turns
 13276 | Orc:2    | Upgraded the game from 0.31-a0-232-gb1c03b2570 to
                  | 0.31-a0-233-g139696dc86
 13283 | Orc:2    | Noticed an orc warlord
 13403 | Orc:1    | Killed an orc warlord
 13781 | Orc:2    | Killed an orc high priest
 14419 | Orc:2    | Noticed an orc high priest
 14432 | Orc:2    | Reached skill level 10 in Invocations
 14436 | Orc:2    | Killed an orc high priest
 14437 | Orc:2    | Reached XP level 13. HP: 123/124 MP: 20/20
 14451 | Orc:2    | Paralysed by an orc sorcerer for 5 turns
 14944 | Orc:2    | Reached skill level 10 in Armour
 14981 | Orc:2    | Found Zuwkam's General Store.
 14991 | Orc:2    | Bought a potion of invisibility for 88 gold pieces
 14991 | Orc:2    | Bought a scroll of enchant armour for 82 gold pieces
 14991 | Orc:2    | Bought a scroll of teleportation for 33 gold pieces
 14991 | Orc:2    | Bought a sack of spiders for 440 gold pieces
 15112 | Orc:2    | Paralysed by an orc sorcerer for 4 turns
 15124 | Orc:2    | Reached skill level 1 in Dodging
 15279 | Orc:2    | Found Hiptyl Qarch's Book Shoppe.
 15370 | Orc:2    | Found Nago Coo's Antique Weapon Emporium.
 15456 | Orc:2    | Reached skill level 1 in Evocations
 15520 | Orc:2    | Found Ocetsen's Distillery.
 15527 | Orc:2    | Bought a potion of curing for 45 gold pieces
 15527 | Orc:2    | Bought 2 potions of curing for 90 gold pieces
 15527 | Orc:2    | Bought a potion of haste for 150 gold pieces
 15527 | Orc:2    | Bought a potion of curing for 45 gold pieces
 15527 | Orc:2    | Bought a potion of heal wounds for 75 gold pieces
 15527 | Orc:2    | Bought a potion of curing for 45 gold pieces
 15527 | Orc:2    | Bought a potion of might for 60 gold pieces
 15632 | Lair:1   | Entered Level 1 of the Lair of Beasts
 15874 | Lair:1   | Reached skill level 14 in Maces & Flails
 15907 | Lair:1   | You fall into a shaft and drop 1 floor!
 16427 | Lair:1   | Found a transporter.
 16432 | Lair:1   | Noticed Monkooky's ghost (journeyman MfGl)
 16441 | Lair:1   | Found a bloodstained altar of Trog.
 16465 | Lair:1   | Found a transporter.
 16494 | Lair:1   | HP: 3/124 [spriggan rider/+1 heavy spear (27)]
 16537 | Lair:1   | Killed Monkooky's ghost
 17132 | Lair:1   | Reached skill level 5 in Shields
 18075 | Lair:3   | Reached XP level 14. HP: 132/132 MP: 22/22
 18270 | Lair:3   | Found a staircase to the Snake Pit.
 18383 | Lair:3   | Found a staircase to the Shoals.
 20794 | D:8      | Bought a potion of experience for 750 gold pieces
 20794 | D:8      | Reached skill level 5 in Dodging
 20794 | D:8      | Reached skill level 5 in Evocations
 20794 | D:8      | Reached XP level 15. HP: 138/138 MP: 23/23
 20794 | D:8      | Reached XP level 16. HP: 146/146 MP: 24/24
 21563 | Lair:5   | Entered Level 5 of the Lair of Beasts
 22120 | Lair:5   | Reached skill level 10 in Shields
 22123 | Lair:5   | Found a runed translucent door.
 22123 | Lair:5   | Found a viscous altar of Jiyva.
 22125 | Lair:5   | Found a staircase to the Slime Pits.
 23883 | Lair:5   | Identified a scroll of acquirement
 24237 | Lair:5   | Acquired 762 gold pieces
 24452 | D:8      | Bought a potion of curing for 45 gold pieces
 24452 | D:8      | Bought a potion of invisibility for 120 gold pieces
 24452 | D:8      | Bought a potion of mutation for 120 gold pieces
 24452 | D:8      | Bought a potion of mutation for 120 gold pieces
 24452 | D:8      | Bought a potion of invisibility for 120 gold pieces
 24452 | D:8      | Bought 2 potions of mutation for 240 gold pieces
 24452 | D:8      | Bought 2 potions of invisibility for 240 gold pieces
 24607 | Snake:1  | Entered Level 1 of the Snake Pit
 24805 | Snake:1  | Shot with an arrow by a naga sharpshooter

Illustrated notes

Levels and vault maps discovered:
D:1:      psy_arrival_terrarium, layout_loops_ring,
          shapermc_ecumenical_altar_mp_vishouse, dk_noncrumbling_3, st_stairs_3,
          corner_web_ring, nicolae_houndstooth_variations
D:2:      layout_loops_ring, nicolae_titane
D:3:      layout_loops_ring, fedhas_altar_1, nicolae_overflow_hidden_temple,
          grunt_ministairs_11, minmay_pentomino_pile, uniq_crazy_yiuf_cottage
D:4:      layout_basic, lemuel_crystal_altar, zin_treasury,
          general_overflow_altar, uniq_ijyb, uniq_natasha
D:5:      layout_loops_ring, minmay_temple_entry_wispy, uniq_pikel, uniq_grinder
D:6:      lemuel_ratsnest, layout_loops_corners, kennysheep_mini_moat,
          fiery_altar_vehumet, lemuel_round_altar, lemuel_crystal_altar,
          mainiacjoe_overflow_divided_tiny, chequers_serial_rivers_large_b,
          uniq_sigmund
D:7:      layout_basic, nemelex_dance_club_becter, dancing_weapons_uskayaw,
          ebering_ghost_reflecting_pool, due_unseen_surprise, uniq_maggie,
          uniq_duvessa
D:8:      layout_basic, serial_shops, nicolae_shop_tiny_waterfront
D:9:      layout_loops_cross, mainiacjoe_overflow_surrounded_room
D:10:     layout_basic, mainiacjoe_overflow_boulevard, erik_lair_island,
          uniq_harold, uniq_psyche
D:11:     layout_irregular_city, david_orc_5, serial_bayou_pond_e,
          kennysheep_kite_vault
Lair:1:   layout_regular_city, gammafunk_ghost_wrathful_warriors,
          grunt_forest_stairs_basic
Lair:2:   hellmonk_destroyed_diamonds, layout_hall_layers, grunt_megastairs_5,
          serial_bayou_shore_a
Lair:3:   layout_layer_cave, nicolae_shoals_entry_roost,
          guppyfry_snake_entry_island, patterned_corridor, grunt_megastairs_4
Lair:4:   layout_hall_layers, chequers_serial_rivers_room_b, lemuel_fruit_tree
Lair:5:   hangedman_lair_tendril_chambers, layout_loops_ring, slime_entry_2,
          nicolae_lair_lindhole, infiniplex_staircase_pool
Snake:1:  layout_onion_interference, gammafunk_ghost_split
Orc:1:    layout_caves
Orc:2:    grunt_orc_gardens, layout_caves, grunt_orc_garden, grunt_orc_garden,
          grunt_orc_garden, grunt_orc_garden, serial_shops, nicolae_shop_trees,
          basic_altar, uniq_josephine

Skill      XL: |  1  2  3  4  5  6  7  8  9 10 11 12 13 14 15 16 |
---------------+-------------------------------------------------+-----
Maces & Flails | 2 3 4 5 6 7 9 10 12 13 14 | 14.6
Invocations    | 1 2 3 5 6 7 8 10 11 12 | 12.4
Fighting       | 3 4 6 8 9 11 | 11.9
Armour         | 4 9 10 | 10.0
Dodging        | 2 5 7 |  7.5
Evocations     | 3 5 7 |  7.2
Shields        | 6 9 10 | 10.0

Action                     |  1- 3 |  4- 6 |  7- 9 | 10-12 | 13-15 | 16-18 || total
---------------------------+-------+-------+-------+-------+-------+-------++-------
  Melee: Flail             |   115 |   135 |       |       |       |       ||   250
         Tailslap          |    12 |    16 |    28 |   122 |   137 |   118 ||   433
         Mace              |       |    23 |   240 |   769 |   731 |   565 ||  2328
         Morningstar       |       |       |       |       |       |     1 ||     1
 Invoke: Minor Destruction |       |    17 |     6 |    15 |    29 |       ||    67
         Lesser Servant of |       |       |       |    13 |     9 |     9 ||    31
         Major Destruction |       |       |       |     1 |       |       ||     1
    Use: Scroll            |       |     5 |     5 |    16 |     6 |     2 ||    34
         Potion            |       |     4 |     1 |     1 |    13 |     3 ||    22
   Stab: Sleeping          |       |       |     1 |       |       |       ||     1
         Distracted        |       |       |       |     3 |     1 |     4 ||     8
 Armour: Scale mail        |    43 |    81 |    59 |       |       |       ||   183
         Acid dragon scale |       |       |    40 |    56 |       |       ||    96
         Chain mail        |       |       |       |   294 |       |       ||   294
         Plate armour      |       |       |       |   124 |   416 |   258 ||   798
  Dodge: Dodged            |    48 |    83 |   127 |   416 |   299 |   248 ||  1221
  Block: Buckler           |    22 |    30 |    38 |   167 |   150 |   136 ||   543

Table legend: (Time is in decaauts)
 A = Elapsed time spent in this place.
 B = Non-inter-level travel time spent in this place.
 C = Inter-level travel time spent in this place.
 D = Time resting spent in this place.
 E = Time spent auto-exploring this place.
 F = Levels seen in this place.
 G = Mean time per level.
                   A        B        C        D        E       F      G
               +--------+--------+--------+--------+--------+-----+--------+
         Total |  24451 |  22996 |   1455 |   5375 |  12621 |  19 | 1286.9 |
       Dungeon |  12338 |  11634 |    704 |   2090 |   7123 |  11 | 1121.6 |
          Lair |   8415 |   7748 |    667 |   1770 |   4204 |   5 | 1683.0 |
     Snake Pit |    196 |    196 |      0 |      9 |    158 |   1 |  196.0 |
  Orcish Mines |   3500 |   3416 |     84 |   1505 |   1136 |   2 | 1750.0 |
               +--------+--------+--------+--------+--------+-----+--------+

Top non-repeatable levels by time:
  Lair:5: 2253 daAuts
   Orc:1: 2197 daAuts
    D:10: 1972 daAuts
  Lair:3: 1955 daAuts
  Lair:1: 1544 daAuts
    D:11: 1397 daAuts
  Lair:4: 1395 daAuts
     D:7: 1364 daAuts
   Orc:2: 1303 daAuts
     D:6: 1270 daAuts
  Lair:2: 1267 daAuts
     D:3: 1088 daAuts
     D:1: 1057 daAuts
     D:4: 983 daAuts
     D:9: 950 daAuts
